 Dungeon Crawl Stone Soup version 0.27.0-1-g7a089689b8 (webtiles) character file.

Game seed: 12517035864248179088

31 hawla the Grave Robber (level 3, 0/20 HPs)
             Began as a Deep Elf Necromancer on Aug 2, 2021.
             Succumbed to an adder's poison
             ... on level 2 of the Dungeon.
             The game lasted 00:03:37 (1352 turns).

hawla the Grave Robber (Deep Elf Necromancer)       Turns: 1352, Time: 00:03:38

Health: 0/20       AC:  2    Str:  5    XL:     3   Next: 7%
Magic:  1/10       EV: 13    Int: 20    God:
Gold:   59         SH:  0    Dex: 15    Spells: 6/9 levels left

rFire    . . .     SeeInvis .   (no weapon)
rCold    . . .     Faith    .   (no shield)
rNeg     . . .     Spirit   .   a - +0 robe
rPois    .         Reflect  .   (no helmet)
rElec    .         Harm     .   (no cloak)
rCorr    .         Rampage  .   (no gloves)
Will     .....                  (no boots)
Stlth    ++........             (no amulet)
HPRegen  0.06/turn              (no ring)
MPRegen  0.12/turn              (no ring)

@: lethally poisoned (0 -> -1), very slightly contaminated
A: no striking features
a: no special abilities


You were on level 2 of the Dungeon.
You visited 1 branch of the dungeon, and saw 2 of its levels.

You collected 70 gold pieces.
You spent 11 gold pieces at shops.

Inventory:

Armour
 a - a +0 robe (worn)
Scrolls
 b - a scroll of magic mapping
 d - a scroll of amnesia {unknown}
 e - 2 scrolls of teleportation


   Skills:
 + Level 0.8 Fighting
 - Level 3.0 Dodging
 - Level 3.0 Stealth
 + Level 3.5 Spellcasting
 - Level 5.0 Necromancy


You had 6 spell levels left.
You knew the following spells:

 Your Spells              Type           Power      Damage    Failure   Level
a - Pain                  Necr           92%        1d8       1%          1
b - Searing Ray           Conj           6%         3d3       21%         2

Your spell library contained the following spells:

 Spells                   Type           Power      Damage    Failure   Level
 Animate Skeleton         Necr           46%        N/A       1%          1
 Vampiric Draining        Necr           11%        2d7       5%          3
 Magic Dart               Conj           12%        1d3       14%         1
 Animate Dead             Necr           11%        N/A       17%         4
 Agony                    Necr           23%        N/A       43%         5
 Fulminant Prism          Conj/Hex       1%         3d6       80%         4


Dungeon Overview and Level Annotations

Branches:
Dungeon (2/15)

Altars:

Shops:
D:1 !


Message History

You kill the bat!
The searing ray misses the adder. (Press . to maintain the ray.)
The adder bites you.
The searing ray hits the adder!
The adder is severely wounded.
The adder bites you.
You are lethally poisoned!
The adder poisons you!
The searing ray hits the adder.
You kill the adder!
You feel sick. The goblin barely misses you.
Training target 3.0 for Stealth reached!
Training target 3.0 for Dodging reached!
Your Dodging skill increases to level 3!
Your Stealth skill increases to level 3!
You have reached level 3!
Your experience leads to an increase in your attributes!
Increase (S)trength, (I)ntelligence, or (D)exterity?
You feel clever.
You aren't carrying any potions.
* * * LOW HITPOINT WARNING * * *
You feel sick.
Things that are here:
an adder corpse; a bat corpse; a giant cockroach corpse
* * * LOW HITPOINT WARNING * * *
You feel sick.
* * * LOW HITPOINT WARNING * * *
You feel sick.
The rat twitches its whiskers.
Casting: Searing Ray (safe; 21% risk of failure)
Confirm with . or Enter, or press ? or * to list all spells.
Aiming: Pain (safe; 1% risk of failure)
Press: ? - help, Shift-Dir - straight line, f - goblin
Aim: a goblin, wielding a +0 club (chance to affect: 92%)
The goblin writhes in agony.
You kill the goblin!
* * * LOW HITPOINT WARNING * * *
You feel sick.
You die...

* *,*** #..,* *,,,
******** *,* #...#
*,** ,,,,,,,* *,*
######...* *,**
******,* *,*
#...###.#* *,**
*,*****,* #....,..##
*,** *,,,,,,,*
*...##...### *,,,
********* *#.........#
**** ####.##....#,*
#.@.)r..#,,,.******
####.##.##.#,*..,,,,,*
#....##.....#.#,****,*
#.......##....,,* *,*
#....#####.#.###* *,*
##.#...........# *,,
#.###..##.....# **,
#.* ##'##.....# *,
*#.**#...#,,...# *,


You could see a rat.

Vanquished Creatures
  An adder (D:2)
  3 ball pythons (D:1)
  An endoplasm (D:1)
  A giant cockroach (D:2)
  4 goblins
  2 hobgoblins (D:1)
  2 kobolds (D:1)
  3 bats
  A frilled lizard (D:1)
  3 rats (D:1)
21 creatures vanquished.

Notes
Turn   | Place    | Note
-------+----------+-------------------------------------------
     0 | D:1      | hawla the Deep Elf Necromancer began the quest for the Orb.
     0 | D:1      | Reached XP level 1. HP: 10/10 MP: 6/6
   588 | D:1      | Reached XP level 2. HP: 2/15 MP: 0/8
   866 | D:1      | Learned a level 2 spell: Searing Ray
   987 | D:1      | Reached skill level 5 in Necromancy
  1015 | D:1      | Found Plog's Distillery.
  1024 | D:1      | Bought a potion of degeneration for 11 gold pieces
  1059 | D:1      | Found a faded altar of an unknown god.
  1348 | D:2      | Reached XP level 3. HP: 6/20 MP: 1/10
  1351 | D:2      | HP: 1/20 [poisoned by an adder]
  1352 | D:2      | Succumbed to an adder's poison

Illustrated notes

Levels and vault maps discovered:
D:1:      minmay_arrival_radiant_lines, layout_rooms, serial_shops,
          nicolae_diamond_shop, ebering_ecumenical_altar_abandoned,
          serial_bayou_pond_a, serial_park_tiny_1, st_stairs_7, minmay_quantized
D:2:      layout_loops_cross, basic_altar, kennysheep_cluttered_room,
          minmay_goblin_kobold_house

Skill      XL: |  1  2 |
---------------+-------+-----
Necromancy     | 5 |  5.0
Dodging        | 3 |  3.0
Stealth        | 3 |  3.0
Fighting       | |  0.8
Spellcasting   | |  3.5

Action                   || total
-------------------------++-------
Melee: Unarmed           ||     2
 Cast: Pain              ||    25
       Searing Ray       ||     3
  Use: Scroll            ||     3
Armor: Robe              ||     3
Dodge: Dodged            ||    14
